 Seeded DCSS version 0.28-a0-1506-g3893175d92 (webtiles) character file.

Game seed: 759471176321562610 (custom seed)

18 riojii the Sneak (level 2, 15/15 HPs)
             Began as a Vampire Enchanter on Jan 13, 2022.
             Quit the game on level 1 of the Dungeon.
             The game lasted 00:01:37 (1252 turns).

riojii the Sneak (Vampire Enchanter)                Turns: 1252, Time: 00:01:38

Health: 15/15      AC:  2    Str:  7    XL:     2   Next: 51%
Magic:  5/5        EV: 12    Int: 17    God:
Gold:   30         SH:  0    Dex: 14    Spells: 3/5 levels left

rFire   . . .      SeeInvis +   a - +1 dagger
rCold   + + .      Faith    .   (no shield)
rNeg    + + +      Spirit   .   b - +0 robe
rPois   ∞          Reflect  .   (no helmet)
rElec   .          Harm     .   (no cloak)
rCorr   .          Rampage  .   (no gloves)
Will    .....      Clarity  +   (no boots)
Stlth   +++++.....              (no amulet)
HPRegen 0.05/turn               (no ring)
MPRegen 0.09/turn               (no ring)

@: bloodless
A: bloodless, fangs 3, see invisible, vampiric 1, clarity, deterioration 1
a: Revivify


You were on level 1 of the Dungeon.
You visited 1 branch of the dungeon, and saw 1 of its levels.

You collected 30 gold pieces.

Inventory:

Hand Weapons
 a - a +1 dagger (weapon)
Armour
 b - a +0 robe (worn)
Jewellery
 c - a ring of resist corrosion
Scrolls
 e - a scroll of fear {unknown}
 f - 2 scrolls of teleportation {unknown}
 i - 3 scrolls of identify {unknown}
Potions
 g - a potion of curing {unknown}
 h - a potion of brilliance {unknown}


   Skills:
 + Level 1.3 Short Blades
 + Level 2.3 Dodging
 * Level 5.0 Stealth
 + Level 2.1 Spellcasting
 * Level 4.8 Hexes


You had 3 spell levels left.
You knew the following spells:

 Your Spells              Type           Power      Damage    Failure   Level
a - Ensorcelled Hibernat  Hex/Ice        20%        N/A       11%         2

Your spell library contained the following spells:

 Spells                   Type           Power      Damage    Failure   Level
 Confusing Touch          Hex            18%        N/A       8%          3
 Tukima's Dance           Hex            18%        N/A       8%          3
 Dazzling Flash           Conj/Hex       20%        N/A       22%         3


Dungeon Overview and Level Annotations

Branches:
Dungeon (1/15)

Altars:


Innate Abilities, Weirdness & Mutations

You do not regenerate when monsters are visible.
You are frail without blood (-20% HP).
You can heal yourself when you bite living creatures.
You are immune to poison.
You have razor-sharp teeth.
You have supernaturally acute eyesight. (SInv)
You are afflicted with vampirism.
You possess an exceptional clarity of mind.
Your body sometimes deteriorates upon taking damage.


Message History

Magic restored.
A hobgoblin comes into view.
A hobgoblin is nearby!
The helpless hobgoblin fails to defend itself.
You bite the hobgoblin, and draw its blood!
You impale the hobgoblin!!
You kill the hobgoblin!
h - a purple potion A goblin comes into view.
It is wielding a +0 dagger.
The helpless goblin fails to defend itself.
You bite the goblin, and draw its blood!
You impale the goblin!!
You kill the goblin!
There is an open door here.
i - a scroll labelled GUXOZ VUOV MAL An endoplasm comes into view.
The helpless endoplasm fails to defend itself.
You impale the endoplasm!!
You kill the endoplasm!
Your Stealth skill increases to level 5!
You open the door.
There is an open door here.
You open the door.
There is an open door here.
i - 3 scrolls labelled GUXOZ VUOV MAL (gained 2)
You open the door.
There is an open door here.
Done exploring.
Done exploring.
It was a potion of mutation.
You feel extremely strange.
You feel clever.
You feel strong-willed.
You feel extremely strange.
You feel stupid.
You no longer feel strong-willed.
You feel yourself wasting away.
You feel a hidden potential growing inside you.
You feel weaker.
You feel extremely strange.
You no longer feel a hidden potential within.
You feel stronger.
Your thoughts seem clearer.
Are you sure you want to abandon this character and quit the game? (Confirm with "yes".)

#### #..#### #......
############..####
#.............#
################.##########..####
................@...#######.....#
#####...########.#............#.#
#...# #.#..#######......
#...###### #.#..# ### #...#.#
#####...##...###.#..# #.# #...#.#
...##...#........#..###.###......
......................#.#........
.#.######........#..#.#.......#..
...#...##.######.#..#.#.#.##.....


There were no monsters in sight!

Vanquished Creatures
  5 endoplasms (D:1)
  A giant cockroach (D:1)
  2 goblins (D:1)
  2 hobgoblins (D:1)
  2 kobolds (D:1)
  A quokka (D:1)
  A bat (D:1)
  A rat (D:1)
15 creatures vanquished.

Notes
Turn   | Place    | Note
-------+----------+-------------------------------------------
     0 | D:1      | riojii the Vampire Enchanter began the quest for the Orb.
     0 | D:1      | Reached XP level 1. HP: 13/13 MP: 3/3
   515 | D:1      | Reached XP level 2. HP: 4/15 MP: 5/5
   787 | D:1      | Learned a level 2 spell: Ensorcelled Hibernation
  1150 | D:1      | Reached skill level 5 in Stealth
  1249 | D:1      | Gained mutation: Your mind is acute. (Int +2) [potion of
                  | mutation]
  1249 | D:1      | Gained mutation: You are strong-willed. (Will+) [potion of
                  | mutation]
  1250 | D:1      | Lost mutation: Your mind is acute. (Int +2) [potion of
                  | mutation]
  1250 | D:1      | Lost mutation: You are strong-willed. (Will+) [potion of
                  | mutation]
  1250 | D:1      | Gained mutation: Your body sometimes deteriorates upon
                  | taking damage. [potion of mutation]
  1250 | D:1      | Gained mutation: You have hidden genetic potential. [potion
                  | of mutation]
  1250 | D:1      | Gained mutation: You are weak. (Str -2) [potion of
                  | mutation]
  1251 | D:1      | Lost mutation: You have hidden genetic potential. [potion
                  | of mutation]
  1251 | D:1      | Lost mutation: You are weak. (Str -2) [potion of mutation]
  1251 | D:1      | Gained mutation: You possess an exceptional clarity of
                  | mind. [potion of mutation]
  1252 | D:1      | Quit the game

Illustrated notes

Levels and vault maps discovered:
D:1:      dpeg_arrival_rooms_c, layout_basic

Skill      XL: |  1  2 |
---------------+-------+-----
Stealth        | 5 |  5.0
Short Blades   | |  1.3
Dodging        | |  2.3
Spellcasting   | |  2.1
Hexes          | |  4.8

Action                   || total
-------------------------++-------
Melee: Dagger            ||    35
       Punch             ||     1
       Bite              ||     1
 Cast: Ensorcelled Hiber ||     2
 Abil: Exsanguinate      ||     1
  Use: Potion            ||     4
 Stab: Sleeping          ||    11
       Invisible         ||     3
Armor: Robe              ||     8
Dodge: Dodged            ||    13

Table legend: (Time is in decaauts)
 A = Elapsed time spent in this place.
 B = Non-inter-level travel time spent in this place.
 C = Inter-level travel time spent in this place.
 D = Time resting spent in this place.
 E = Time spent auto-exploring this place.
 F = Levels seen in this place.
 G = Mean time per level.
                   A        B        C        D        E       F      G
               +--------+--------+--------+--------+--------+-----+--------+
         Total |   1249 |   1249 |      0 |      0 |   1114 |   1 | 1249.0 |
       Dungeon |   1249 |   1249 |      0 |      0 |   1114 |   1 | 1249.0 |
               +--------+--------+--------+--------+--------+-----+--------+

Top non-repeatable levels by time:
     D:1: 1249 daAuts
